 Dungeon Crawl Stone Soup version 0.24-a0-335-g06ca16a (webtiles) character file.

Game seed: 2734148435375148150

5323 Borgoz the Cleaver (level 10, -2/91 HPs)
             Began as a Minotaur Gladiator on May 19, 2019.
             Splashed by Harold's acid (6 damage)
             ... on level 9 of the Dungeon.
             The game lasted 00:11:01 (7937 turns).

Borgoz the Cleaver (Minotaur Gladiator)             Turns: 7937, Time: 00:11:01

Health: -2/91      AC:  0    Str: 23    XL:     10   Next: 38%
Magic:  9/9        EV: 18    Int:  5    God:
Gold:   422        SH:  0    Dex: 15    Spells: 9/9 levels left

rFire    . . .     SeeInvis .   a - +1 war axe
rCold    . . .     Gourm    .   (no shield)
rNeg     . . .     Faith    .   b - +0 leather armour
rPois    .         Spirit   .   c - +0 hat
rElec    .         Reflect  .   l - +0 cloak
rCorr    +         Harm     +   (no gloves)
MR       .....                  (no boots)
Stlth    +.........             x - amulet "Miggorai" {Harm *Drain Str+4 Slay+3}
HPRegen  0.25/turn              (no ring)
MPRegen  0.11/turn              s - ring of resist corrosion

@: corroded, lightly drained
A: retaliatory headbutt, horns 2
a: no special abilities


You were on level 9 of the Dungeon.
You were hungry.

You visited 1 branch of the dungeon, and saw 9 of its levels.

You collected 422 gold pieces.

Inventory:

Hand Weapons
 a - a +1 war axe (weapon)
 A - the +4 spear of Change {elec, rPois rC+ rN+ Int-4, unknown}
   (You found it on level 6 of the Dungeon)

   Occasionally, upon striking a foe, it will discharge some electrical energy
   and cause terrible harm.
   It affects your intelligence (-4).
   It protects you from cold.
   It protects you from poison.
   It protects you from negative energy.
Missiles
 d - 5 throwing nets (quivered)
Armour
 b - a +0 leather armour (worn)
 c - a +0 hat (worn)
 l - a +0 cloak (worn)
 v - a +2 scale mail of cold resistance
Jewellery
 s - a ring of resist corrosion (right hand)
 x - the amulet "Miggorai" (around neck) {Harm *Drain Str+4 Slay+3}
   (You found it on level 5 of the Dungeon)

   [amulet of harm]

   It increases damage dealt and taken.
   It affects your strength (+4).
   It affects your accuracy and damage with ranged weapons and melee attacks
   (+3).
   It causes draining when unequipped.
 y - an uncursed ring of wizardry
 D - an uncursed amulet of guardian spirit
 J - the ring "Ylirah" {MP+9 SInv Stlth+, unknown}
   (You found it on level 8 of the Dungeon)

   [ring of stealth]

   It affects your magic capacity (+9).
   It lets you see invisible.
   It makes you more stealthy.
Wands
 h - a wand of clouds (6)
 G - a wand of iceblast (13)
 I - a wand of digging (7)
 K - a wand of acid (6)
Scrolls
 j - 3 scrolls of teleportation
 k - a scroll of fog {unknown}
 m - 2 scrolls of magic mapping {unknown}
 q - 2 scrolls of blinking {unknown}
 r - 2 scrolls of amnesia {unknown}
 w - 4 scrolls of remove curse
 H - 2 scrolls of identify
Potions
 e - a potion of cancellation
 g - a potion of resistance
 i - 2 potions of magic {unknown}
 n - 2 potions of might {unknown}
 o - a potion of ambrosia {unknown}
 p - a potion of lignification {unknown}
 t - a potion of curing
 u - a potion of flight {unknown}
 z - 3 potions of haste
 E - a potion of degeneration {unknown}
 F - a potion of agility {unknown}
Comestibles
 f - 19 rations


   Skills:
 + Level 9.5(9.4) Fighting
 + Level 10.0(9.9) Axes
 + Level 8.0(7.9) Throwing
 + Level 9.2(9.1) Dodging


You had 9 spell levels left.
You didn't know any spells.
Your spell library contained the following spells:

 Spells                   Type           Power        Failure   Level  Hunger
 Sting                    Conj/Pois      #...         52%         1    ##.....
 Poisonous Vapours        Pois/Air       #.....       67%         2    ###....
 Mephitic Cloud           Conj/Pois/Air  #.......     88%         3    ####...
 Olgreb's Toxic Radiance  Pois           #.......     99%         4    #####..
 Venom Bolt               Conj/Pois      #.........   100%        5    ######.


Dungeon Overview and Level Annotations

Branches:
Dungeon (9/15)             Temple (0/1) D:4
   Lair: D:8-11         Orc: D:9-12

Altars:
Cheibriados
Dithmenos
Fedhas
Kikubaaqudgha
Qazlal
Yredelemnul

Annotations:
D:9 Harold


Innate Abilities, Weirdness & Mutations

You reflexively headbutt those who attack you in melee.
You have a pair of horns on your head.


Message History

You are yanked forward by the harpoon shot.
You collide with the bush!
You rip the net and break free!
Harold points at you and mumbles some strange words.
The harpoon shot hits you!
You are yanked forward by the harpoon shot.
You collide with the bush!
* * * LOW HITPOINT WARNING * * *
Harold hits the bush with a +0 mace!
There is a stone staircase leading up here.
Harold zaps a wand.
The bolt of acid hits the bush!
The bush is splashed with acid.
The bolt of acid misses you.
There is a stone staircase leading up here.
Harold zaps a wand.
The bolt of acid hits the bush!
The bush is splashed with acid.
The bush seems to be corroded for longer.
The bolt of acid hits you! You resist.
* * * LOW HITPOINT WARNING * * *
You are splashed with acid.
You resist.
You die... #### # ..# P.PPP.#

..P?####
PPPPP....#
P..@P....+
P.P.P@...#
P.P)...#
PPP.P....#
P...P)...#
P.P.P....#
P.P......#
P P.P#####


P.P .PP You could see Harold.

Vanquished Creatures
  A two-headed ogre (D:8)
  Joseph (D:7)
  2 hippogriffs
  A hungry ghost (D:6)
  A water moccasin (D:8)
  5 orc warriors
  A black bear (D:7)
  An ice beast (D:5)
  5 ogres
  2 phantoms (D:7)
  4 centaurs
  5 bullfrogs
  A gnoll sergeant (D:8)
  2 scorpions
  3 killer bees (D:7)
  10 wights
  2 howler monkeys
  A crimson imp (D:6)
  A centaur zombie (D:7)
  A quasit (D:6)
  3 hounds
  2 jellies
  A centaur skeleton (D:4)
  A bullfrog skeleton (D:7)
  5 orc priests
  7 orc wizards
  Ijyb (D:5)
  An iguana (D:6)
  5 worker ants
  Terence (D:3)
  A killer bee zombie (D:9)
  A worker ant zombie (D:7)
  8 adders
  4 gnolls (D:8)
  A shadow imp (D:7)
  2 oozes
  An adder skeleton (D:6)
  3 worms
  3 dart slugs
  3 leopard geckos
  41 orcs
  2 ball pythons
  5 bats
  7 giant cockroaches
  6 goblins
  13 hobgoblins
  3 jackals (D:3)
  10 kobolds
  2 quokkas
  5 frilled lizards
  A leopard gecko skeleton (D:4)
  A quokka skeleton (D:5)
  2 rats
202 creatures vanquished.

Notes
Turn   | Place    | Note
-------+----------+-------------------------------------------
     0 | D:1      | Borgoz the Minotaur Gladiator began the quest for the Orb.
     0 | D:1      | Reached XP level 1. HP: 18/18 MP: 0/0
   394 | D:1      | Reached XP level 2. HP: 14/25 MP: 1/1
   731 | D:1      | Reached skill level 4 in Axes
  1045 | D:2      | Reached XP level 3. HP: 25/31 MP: 2/2
  1239 | D:2      | Reached XP level 4. HP: 11/38 MP: 3/3
  1873 | D:3      | Noticed Terence
  1886 | D:3      | Killed Terence
  2293 | D:3      | Reached XP level 5. HP: 42/46 MP: 4/4
  2528 | D:4      | Reached skill level 5 in Axes
  2663 | D:4      | Found a staircase to the Ecumenical Temple.
  2746 | D:4      | Reached XP level 6. HP: 45/53 MP: 5/5
  2747 | D:4      | Found a shadowy altar of Dithmenos.
  2985 | D:4      | Reached skill level 5 in Dodging
  3260 | D:4      | Found a basalt altar of Yredelemnul.
  3270 | D:5      | Entered Level 5 of the Dungeon
  3288 | D:5      | Got a bound zirconium amulet
  3419 | D:5      | Found a snail-covered altar of Cheibriados.
  3554 | D:5      | Reached skill level 5 in Fighting
  3554 | D:5      | Reached XP level 7. HP: 31/61 MP: 6/6
  3611 | D:5      | Noticed Ijyb
  3622 | D:5      | Killed Ijyb
  3623 | D:5      | HP: 2/61 [worker ant (4)]
  3836 | D:5      | Identified the amulet "Miggorai" {Harm *Drain Str+4 Slay+3}
                  | (You found it on level 5 of the Dungeon)
  3947 | D:5      | Reached skill level 6 in Axes
  4107 | D:5      | Found a blossoming altar of Fedhas.
  4691 | D:6      | Found an ancient bone altar of Kikubaaqudgha.
  4772 | D:6      | Reached skill level 5 in Throwing
  4772 | D:6      | Reached XP level 8. HP: 43/70 MP: 7/7
  4782 | D:6      | Got a transparent spear
  5088 | D:6      | Reached skill level 7 in Axes
  5616 | D:7      | Noticed Joseph
  6080 | D:7      | Reached skill level 8 in Axes
  6080 | D:7      | Reached XP level 9. HP: 48/79 MP: 8/8
  6169 | D:7      | Found a stormy altar of Qazlal.
  6560 | D:7      | Killed Joseph
  6708 | D:8      | Reached skill level 9 in Axes
  6938 | D:8      | Got a scintillating tin ring
  7008 | D:8      | Noticed a two-headed ogre
  7015 | D:8      | Killed a two-headed ogre
  7015 | D:8      | Reached XP level 10. HP: 49/91 MP: 9/9
  7923 | D:9      | Reached skill level 10 in Axes
  7927 | D:9      | Noticed Harold
  7937 | D:9      | HP: 4/91 [Harold/bolt of acid (9)]
  7937 | D:9      | Splashed by Harold's acid

Levels and vault maps discovered:
D:1:      minmay_arrival_four_loops, layout_basic
D:2:      layout_basic, first_ration, serial_bayou_lake_a
D:3:      layout_basic, chequers_serial_rivers_small_a,
          minmay_fractal_squares_5, uniq_terence
D:4:      layout_loops_ring, lemuel_crystal_altar, lemuel_doored_altar,
          temple_statues
D:5:      layout_basic, kennysheep_slug_shrine, fedhas_altar_4, uniq_ijyb
D:6:      layout_basic, lemuel_crystal_altar, chequers_serial_rivers_micro_b
D:7:      layout_cave_pools, lemuel_crystal_altar, uniq_joseph
D:8:      layout_loops_ring
D:9:      layout_roguey [special_room_orc], okawaru_gym_becter,
          lemuel_round_altar, david_nohive_1, minmay_hedge_maze,
          dk_yredelemnul_ordeal, uniq_erolcha, uniq_harold

Skill      XL: |  1  2  3  4  5  6  7  8  9 10 |
---------------+-------------------------------+-----
Axes           | 4 5 6 8 9 10 | 10.0
Fighting       | 3 4 5 6 7 9 |  9.5
Dodging        | 4 5 6 7 8 9 |  9.2
Throwing       | 3 4 5 6 7 8 |  8.0

Action                   |  1- 3 |  4- 6 |  7- 9 | 10-12 || total
-------------------------+-------+-------+-------+-------++-------
Melee: War axe           |    59 |   135 |   156 |    43 ||   393
       Headbutt          |     7 |    15 |    37 |     8 ||    67
  Use: Scroll            |     1 |       |     8 |       ||     9
       Potion            |       |     3 |     3 |     2 ||     8
 Stab: Sleeping          |       |     2 |     2 |       ||     4
  Eat: Chunk             |     1 |     8 |     8 |     2 ||    19
       Ration            |       |       |     1 |       ||     1
Armor: Leather armour    |    22 |    27 |    29 |     7 ||    85
Dodge: Dodged            |    50 |   108 |   133 |    49 ||   340

Table legend:
 A = Non-vault XP
 B = Vault XP
 C = Vault XP percentage of total XP
 D = Non-vault monster count
 E = Vault monster count
 F = Vault count percentage of total count
                 A         B        C        D         E       F
            +---------+---------+-------+---------+---------+-------
      Total |    6747 |     858 |  11.3 |     174 |      28 |  13.9
            +---------+---------+-------+---------+---------+-------
        D:1 |      29 |       0 |   0.0 |      15 |       0 |   0.0
        D:2 |      85 |       0 |   0.0 |      25 |       0 |   0.0
        D:3 |      47 |      54 |  53.5 |      17 |       6 |  26.1
        D:4 |     405 |       0 |   0.0 |      23 |       0 |   0.0
        D:5 |     371 |      39 |   9.5 |      10 |       2 |  16.7
        D:6 |    1381 |       0 |   0.0 |      22 |       0 |   0.0
        D:7 |    1611 |     460 |  22.2 |      30 |       1 |   3.2
        D:8 |    2178 |       0 |   0.0 |      25 |       0 |   0.0
        D:9 |     640 |     305 |  32.3 |       7 |      19 |  73.1
            +---------+---------+-------+---------+---------+-------
